 Dungeon Crawl Stone Soup version 0.29.1-15-g9cfb28693d (webtiles) character file.

Game seed: 5539368745833138075

14 zeram the Shield-Bearer (level 2, 0/29 HPs)
             Began as a Gnoll Fighter on Mar 1, 2023.
             Slain by a hobgoblin (1 damage)
             ... on level 1 of the Dungeon.
             The game lasted 00:00:34 (424 turns).

zeram the Shield-Bearer (Gnoll Fighter)              Turns: 424, Time: 00:00:35

Health: 0/29       AC:  7    Str: 15    XL:     2   Next: 45%
Magic:  2/2        EV:  9    Int:  7    God:
Gold:   34         SH:  5    Dex: 11    Spells: 1/1 levels left

rFire   . . .      SeeInvis .   a - +0 war axe
rCold   . . .      Faith    .   c - +0 buckler
rNeg    . . .      Spirit   .   b - +0 scale mail
rPois   .          Reflect  .   (no helmet)
rElec   .          Harm     .   (no cloak)
rCorr   .          Rampage  .   (no gloves)
Will    .....                   (no boots)
Stlth   ..........              (no amulet)
HPRegen 0.09/turn               (no ring)
MPRegen 0.08/turn               (no ring)

@: no status effects
A: fangs 1, strong nose, distributed training
a: no special abilities


You were on level 1 of the Dungeon.
You visited 1 branch of the dungeon, and saw 1 of its levels.

You collected 34 gold pieces.

Inventory:

Hand Weapons
 a - a +0 war axe (weapon)
Armour
 b - a +0 scale mail (worn)
 c - a +0 buckler (worn)
Potions
 d - a potion of might


   Skills:
 + Level 6.5 Fighting
 + Level 0.4 Short Blades
 + Level 0.4 Long Blades
 + Level 4.5 Axes
 + Level 0.4 Maces & Flails
 + Level 0.4 Polearms
 + Level 0.4 Staves
 + Level 0.4 Ranged Weapons
 + Level 0.4 Throwing
 + Level 6.5 Armour
 + Level 0.4 Dodging
 + Level 0.4 Stealth
 + Level 6.5 Shields
 + Level 0.4 Unarmed Combat
 + Level 0.4 Spellcasting
 + Level 0.2 Conjurations
 + Level 0.2 Hexes
 + Level 0.2 Summonings
 + Level 0.2 Necromancy
 + Level 0.2 Translocations
 + Level 0.2 Transmutations
 + Level 0.2 Fire Magic
 + Level 0.2 Ice Magic
 + Level 0.2 Air Magic
 + Level 0.2 Earth Magic
 + Level 0.2 Poison Magic
 + Level 0.5 Invocations
 + Level 0.4 Evocations


You had one spell level left.
You didn't know any spells.
Your spell library was empty.

Dungeon Overview and Level Annotations

Branches:
Dungeon (1/15)

Altars:


Innate Abilities, Weirdness & Mutations

You have very sharp teeth.
Your uncanny sense of smell can sniff out nearby items.
Your experience applies equally to all skills.


Message History

The giant cockroach bites you but does no damage.
The hobgoblin hits you but does no damage.
The frilled lizard bites you but does no damage.
The giant cockroach bites you. The hobgoblin hits you.
The frilled lizard barely misses you.
The giant cockroach bites you but does no damage.
The hobgoblin hits you but does no damage.
The frilled lizard barely misses you.
The giant cockroach bites you but does no damage.
The hobgoblin hits you but does no damage.
The frilled lizard bites you.
The giant cockroach bites you but does no damage.
The giant cockroach barely misses you. The hobgoblin hits you.
* * * LOW HITPOINT WARNING * * *
You block the frilled lizard's attack.
The giant cockroach bites you but does no damage.
The hobgoblin hits you but does no damage.
The frilled lizard misses you.
The giant cockroach bites you but does no damage.
The hobgoblin hits you but does no damage.
The frilled lizard bites you but does no damage.
The giant cockroach barely misses you. The hobgoblin hits you.
* * * LOW HITPOINT WARNING * * *
The frilled lizard closely misses you. The giant cockroach misses you.
The hobgoblin hits you but does no damage.
The frilled lizard bites you.
* * * LOW HITPOINT WARNING * * *
The giant cockroach closely misses you. The giant cockroach closely misses you.
The hobgoblin barely misses you.
The frilled lizard bites you but does no damage.
The giant cockroach bites you but does no damage.
The hobgoblin hits you but does no damage.
The frilled lizard completely misses you.
The giant cockroach bites you but does no damage.
The hobgoblin hits you but does no damage.
The frilled lizard bites you but does no damage.
The giant cockroach bites you but does no damage.
The hobgoblin hits you.
You die...

#...<8# #..#
##....## #..#
#.....# #.####..#
##.....#
#####.......#
#§.....#
...#######.######
..§...##
#..#....#......#
§§§)..#
#...##.#.####.#
§....##
#..........#
§§..## ∆
#.B@#.#.##.#
..###
.......lg....# #
###
#######........
....##.####
....>^.... ∆
......#####.
....... ....##


You could see a giant cockroach, a hobgoblin and a frilled lizard.

Vanquished Creatures
  A gnoll (D:1)
  A bat (D:1)
  A hobgoblin (D:1)
  A kobold (D:1)
  A rat (D:1)
5 creatures vanquished.

Notes
Turn   | Place    | Note
-------+----------+-------------------------------------------
     0 | D:1      | zeram the Gnoll Fighter began the quest for the Orb.
     0 | D:1      | Reached XP level 1. HP: 23/23 MP: 1/1
    87 | D:1      | Reached XP level 2. HP: 15/29 MP: 2/2
   420 | D:1      | HP: 1/29 [frilled lizard (2)]
   424 | D:1      | Slain by a hobgoblin

Illustrated notes

Levels and vault maps discovered:
D:1:      heliophobic_arrival_dark_side_of_the_moon, layout_basic

Action                   || total
-------------------------++-------
Melee: War axe           ||    11
Armor: Scale mail        ||    77
Dodge: Dodged            ||    68
Block: Buckler           ||    34
